 Dungeon Crawl Stone Soup version 0.16.1-51-g6203257 (webtiles) character file.

273486 Miyamura the Unseen (level 19, 84/99 HPs)
             Began as a Spriggan Assassin on July 15, 2015.
             Was a High Priest of Nemelex Xobeh.
             Starved to death
             ... on level 2 of the Vaults on July 16, 2015.
             The game lasted 04:42:58 (60194 turns).

Miyamura the Unseen (Spriggan Assassin)            Turns: 60194, Time: 04:42:59

Health: 84/99      AC: 11    Str:  2 (4)  XL:     19   Next: 50%
Magic:  47/49      EV: 29    Int: 26      God:    Nemelex Xobeh [*****.]
Gold:   101        SH: 10    Dex: 20      Spells: 8 memorised, 4 levels left

rFire  . . .     SeeInvis +     R - +11 whip "Kitihuw" {flame, +Blink rPois rN+ Str-4 Int+4 SInv}
rCold  . . .     Clarity  +     O - +4 troll leather armour
rNeg   + + .     SustAb   +     w - +2 buckler
rPois  +         Gourm    .     Y - +3 hat of Pondering {ponderous, MR+ MP+10 Int+5}
rElec  +         Spirit   .     (no cloak)
rCorr  .         Warding  .     (gloves unavailable)
rMut   .         Stasis   .     (boots unavailable)
MR     +++..                    A - amulet of clarity
Stlth  ++++++++..               n - ring "Mesubbang" {rElec rPois rN+ MR-}
                                m - ring of sustain abilities

@: very slightly contaminated, starving, very quick, extremely resistant to
hostile enchantments, extraordinarily stealthy
A: unfitting armour, yellow scales 1, see invisible, berserk 1, deformed body,
deterioration 1, herbivore 3, speed 3, sense surroundings 1, slow metabolism 2,
spit poison 1
a: Spit Poison, Triple Draw, Deal Four, Stack Five, Renounce Religion, Evoke
Blink
}: 2/15 runes: decaying, gossamer


You were on level 2 of the Vaults.
You worshipped Nemelex Xobeh.
Nemelex Xobeh was extremely pleased with you.
You were starving.

You visited 8 branches of the dungeon, and saw 43 of its levels.
You visited 1 bazaar.
You also visited: Ossuary and Volcano.

You collected 5548 gold pieces.
You spent 5447 gold pieces at shops.

Inventory:

Hand weapons
 c - the +8 hunting sling of Saltpetre {velocity, +Blink rF+ Int+3}
   (You found it on level 3 of the Elven Halls)

   Any stone fired from it inflicts extra damage.
   It affects your intelligence (+3).
   It protects you from fire.
   It lets you blink.
 s - a +7 rapier of electrocution
 R - the +11 whip "Kitihuw" (weapon) {flame, +Blink rPois rN+ Str-4 Int+4 SInv}
   (You found it on level 5 of the Lair of Beasts)

   It has been specially enchanted to burn those struck by it, causing extra
   injury to most foes and up to half again as much damage against particularly
   susceptible opponents.
   It affects your strength (-4).
   It affects your intelligence (+4).
   It protects you from poison.
   It protects you from negative energy.
   It enhances your eyesight.
   It lets you blink.
Armour
 w - a +2 buckler (worn)
 O - a +4 troll leather armour (worn)
 Y - the +3 hat of Pondering (worn) {ponderous, MR+ MP+10 Int+5}
   (You took it off Gastronok on level 2 of the Lair of Beasts)

   It affects your intelligence (+5).
   It affects your resistance to hostile enchantments.
   It affects your magic capacity (+10).
Jewellery
 e - an uncursed ring of invisibility
 m - a ring of sustain abilities (left hand)
 n - the ring "Mesubbang" (right hand) {rElec rPois rN+ MR-}
   (You bought it in a shop in a bazaar)

   [ring of poison resistance]

   It insulates you from electricity.
   It protects you from poison.
   It protects you from negative energy.
   It affects your resistance to hostile enchantments.
 A - an amulet of clarity (around neck)
 I - an uncursed ring of protection from fire
 T - a +5 ring of strength
 X - an uncursed ring of wizardry
Magical devices
 b - a wand of paralysis (2)
 t - a wand of lightning (8)
 z - a wand of hasting (5)
 L - a wand of digging (10)
Scrolls
 f - a scroll of fear
 k - 10 scrolls of remove curse
 p - 9 scrolls of teleportation
 x - a scroll of fog
 y - 11 scrolls of amnesia
 F - a scroll of summoning
 W - 6 scrolls of recharging
Potions
 h - 3 potions of curing
 i - 4 potions of heal wounds
 q - 7 potions of haste
 r - 6 potions of brilliance
 v - 7 potions of agility
 B - 2 potions of cancellation
 C - 4 potions of resistance
 P - 6 potions of magic
 Z - 4 potions of restore abilities
Miscellaneous
 d - an ornate deck of destruction {drawn: 5}
 l - a legendary deck of escape
 o - an ornate deck of destruction {Degeneration}
 u - a phial of floods
 D - a fan of gales
 E - a legendary deck of war
 G - a lamp of fire
 H - a stone of tremors
 J - a sack of spiders
 K - an ornate deck of destruction
 N - a legendary deck of destruction {drawn: 1}
 V - a phantom mirror
Comestibles
 a - 9 fruits
 g - 10 bread rations


   Skills:
 - Level 10.6 Fighting
 - Level 10.0 Short Blades
 - Level 12.1 Maces & Flails
 - Level 2.1 Throwing
 - Level 16.4 Dodging
 - Level 18.2 Stealth
 - Level 7.3 Shields
 - Level 11.7 Spellcasting
 + Level 13.6 Hexes
 - Level 14.0 Charms
 - Level 8.8 Translocations
 - Level 15.3 Evocations


You had 4 spell levels left.
You knew the following spells:

 Your Spells              Type           Power        Failure   Level  Hunger
a - Stoneskin             Trmt/Erth      ###.....     17%         2    None
d - Discord               Hex            ######....   99%         8    #######
e - Ensorcelled Hibernat  Hex/Ice        ######       1%          2    None
f - Flight                Chrm/Air       ######....   1%          3    None
h - Haste                 Chrm           ######..     6%          6    #####..
p - Phase Shift           Tloc           ######....   10%         5    ###....
s - Statue Form           Trmt/Erth      ###......    100%        6    #####..
w - Warp Weapon           Chrm/Tloc      ######....   2%          5    ###....


Dungeon Overview and Level Annotations

Branches:
Dungeon (15/15)            Temple (1/1) D:5            Lair (8/8) D:9
  Swamp (5/5) Lair:4       Spider (5/5) Lair:3        Slime (0/6) Lair:6
    Orc (4/4) D:10            Elf (3/3) Orc:4        Vaults (2/5) D:13
 Depths (0/5) D:15
  Crypt: Vaults:2-3

Altars:
Ashenzari
Cheibriados
Dithmenos
Elyvilon
Fedhas
Gozag
Kikubaaqudgha
Makhleb
Nemelex Xobeh
Okawaru
Qazlal
Ru
Sif Muna
Trog
Vehumet
Xom
Yredelemnul
Zin
The Shining One
Jiyva

Shops:
D:7 :   D:11 *   D:15 (   Orc:1 }   Orc:3 !   Orc:4 *(}*   Elf:3 (

Annotations:
Spider:4 Kirke, Norris
Elf:2 3 runed doors


Innate Abilities, Weirdness & Mutations

You are tiny and cannot use many weapons and most armour.
You have supernaturally acute eyesight.
You are a herbivore.
You cover ground extremely quickly.
You need consume almost no food.
You are partially covered in yellow scales (AC +2).
You tend to lose your temper in combat.
Armour fits poorly on your strangely shaped body.
Your body is slowly deteriorating.
You passively map a small area around you.
You can spit poison.


Message History

Your executioner's axe "Huh Keh" {holy, rPois rN+ Str+7 Stlth-} hits the vault sentinel.
Miyamura's illusion hits the vault sentinel but does no damage.
The vault sentinel hits your executioner's axe "Huh Keh" {holy, rPois rN+ Str+7 Stlth-} but does no damage.
The vault sentinel barely misses Miyamura's illusion.
Miyamura's illusion hits the vault sentinel but does no damage.
Miyamura's illusion points at the vault sentinel and mumbles some strange words.
The vault sentinel looks drowsy...
Your executioner's axe "Huh Keh" {holy, rPois rN+ Str+7 Stlth-} hits the vault sentinel!!!
The vault sentinel dies!
Miyamura's illusion hits the ogre mage.
Miyamura's illusion burns the ogre mage.
The ogre mage hits Miyamura's illusion.
Miyamura's illusion casts a spell at the ogre mage.
The ogre mage easily resists.
The ogre mage completely misses Miyamura's illusion.
Something barely misses your executioner's axe "Huh Keh" {holy, rPois rN+ Str+7 Stlth-}.
Something closely misses Miyamura's illusion.
You have starved to death.
You die...
Your body glows with a rainbow of weird colours and disappears.

*......# #.....+,,,,,,* *......#
#.....#,,,,,,* *......#
#.....#,,,,,,* *,.....#
#.....#,,,,,,* ##
**###+####.....#,,,,,,*
.###########......#O....#,,,,,,*
.#.........#......(@....#****+***
.'.........'......#.....# *,,,,,,
.#.........#....@.#}E...# *,,***,
.#.........#......#h....# *,**,**
##.........#......#E....# *,*,,,,
#.........#......#.....# *,**,,*
*#####+#####......#o....# *,,*,*,
*,,*#†)# ########.....# *,,,,,,
*,,*#))### #.....# *******
,*#.)##..# #.....# ,*#o.*#.)#
#.....#


You could see an ogre mage, a friendly executioner's axe "Huh Keh" {holy, rPois
rN+ Str+7 Stlth-} and the friendly Miyamura's illusion.

Vanquished Creatures
  the Lernaean hydra (Swamp:5)
  Nikola (Spider:4)
  A deep elf blademaster (Elf:3)
  The ghost of Miyamura the Fighter, a mighty DrCj of Vehumet (Spider:2)
  Rupert (Swamp:2)
  A thorn hunter (Swamp:5)
  Roxanne (Swamp:2)
  A storm dragon (Spider:5)
  A fire giant (Vaults:1)
  Maud (D:14)
  A ghost moth (Spider:3)
  3 emperor scorpions
  Gastronok (Lair:2)
  5 deep elf sorcerers (Elf:3)
  8 ironheart preservers
  A stone giant (Vaults:2)
  2 deep elf demonologists (Elf:3)
  A red draconian (Volcano)
  4 deep elf annihilators (Elf:3)
  2 vault guards (Vaults:1)
  4 deep elf high priests (Elf:3)
  A fire dragon (Spider:5)
  3 deep elf death magi
  Josephine (Orc:3)
  A great orb of eyes (Vaults:1)
  4 yaktaur captains
  Harold (Lair:7)
  22 hydras
  3 centaur warriors
  4 catoblepae
  Nessos (D:13)
  8 alligators
  3 dancing weapons
  An anaconda (shapeshifter) (D:13)
  3 ghost crabs
  25 death yaks
  A tengu warrior (D:15)
  A vampire mage (D:14)
  Urug (Elf:1)
  7 ogre magi (Vaults:1)
  A fire crab (Vaults:1)
  12 spriggans
  8 deep elf knights
  2 skeletal warriors
  A flayed ghost (Vaults:1)
  2 spriggan druids (Swamp:5)
  An ironbrand convoker (Vaults:1)
  A sea snake (Swamp:1)
  7 hill giants
  A shadow wraith (D:13)
  10 swamp dragons
  5 deep trolls (Vaults:1)
  2 earth elementals (Orc:3)
  4 unseen horrors
  8 deep elf summoners
  11 orc knights
  A necromancer (D:15)
  16 wolf spiders
  3 griffons
  10 deep elf conjurers
  7 hornets
  A fire giant zombie (D:15)
  7 ugly things
  7 orb spiders
  5 cyclopes
  4 orc sorcerers
  A manticore (D:14)
  A sixfirhy (Spider:4)
  6 vault sentinels (Vaults:1)
  A salamander (shapeshifter) (Vaults:2)
  Maurice (D:8)
  A large abomination (Elf:2)
  2 moths of wrath (Spider:5)
  A dire elephant zombie (D:15)
  3 black mambas
  2 gargoyles
  16 spiny frogs
  2 molten gargoyles (Volcano)
  8 komodo dragons
  6 demonic crawlers
  A yaktaur (shapeshifter) (Vaults:1)
  3 kobold demonologists
  9 yaktaurs
  2 freezing wraiths (Vaults:1)
  2 fire drakes (Lair:8)
  3 deep elf priests
  9 giant leeches
  A merfolk (Swamp:2)
  The ghost of Miyamura the Insei, an average DrTm (D:5)
  Sonja (Orc:4)
  18 slime creatures
  A wind drake (Spider:5)
  A polar bear (shapeshifter) (Elf:1)
  12 jumping spiders
  6 trolls
  Grinder (D:3)
  17 ravens
  A polar bear (Lair:5)
  7 bog bodies
  3 boulder beetles
  16 two-headed ogres
  13 blink frogs
  2 raiju (Spider:5)
  5 baby alligators (Swamp:5)
  A raven (shapeshifter) (Vaults:1)
  A trapdoor spider zombie (D:13)
  A baby alligator (shapeshifter) (Vaults:2)
  A human (D:7)
  A redback (shapeshifter) (Elf:3)
  31 redbacks
  2 shadows
  3 hungry ghosts
  4 basilisks
  17 trapdoor spiders
  2 hogs
  A fire dragon skeleton (D:15)
  2 water elementals (D:15)
  24 deep elf magi
  A wyvern (D:15)
  9 wraiths
  A trapdoor spider (shapeshifter) (D:15)
  An air elemental (Spider:5)
  Eustachio (D:7)
  17 tarantellas
  61 yaks
  17 deep elf fighters
  A steam dragon (D:6)
  7 hippogriffs
  Grum (D:12)
  4 mottled dragons
  32 vampire mosquitoes
  26 swamp worms
  7 wolves
  2 soldier ants
  6 porcupines
  4 wargs
  13 water moccasins
  A swamp drake (shapeshifter) (Orc:4)
  29 orc warriors
  An elf zombie (D:15)
  32 ogres
  11 swamp drakes
  13 wasps
  16 ice beasts
  5 sky beasts
  4 necrophages
  An eye of draining (shapeshifter) (Vaults:1)
  5 phantoms
  9 spiders
  3 boring beetles
  A boggart (D:15)
  13 centaurs
  8 crocodiles
  16 giant frogs
  A brain worm (D:13)
  Blork the orc (D:5)
  5 big kobolds
  A wyvern skeleton (D:14)
  13 scorpions
  An elf simulacrum (Vaults:1)
  17 killer bees
  A quasit (D:6)
  2 yak skeletons (Orc:4)
  4 electric eels
  2 wights (D:9)
  A lava snake (Volcano)
  2 goliath beetles
  7 human zombies (D:9)
  2 centaur zombies
  A gnoll shaman (D:6)
  Crazy Yiuf (D:4)
  23 orc priests
  2 centaur skeletons
  8 crimson imps
  13 hounds
  4 jellies
  3 giant frog skeletons (D:5)
  28 orc wizards
  7 worker ants
  8 iguanas
  35 sheep
  Jessica (D:3)
  A big kobold zombie (Ossuary)
  2 hound skeletons
  3 hound zombies (Ossuary)
  5 mummies
  A worker ant zombie (D:11)
  32 adders
  9 gnolls (D:6)
  9 shadow imps
  2 giant mites
  48 river rats
  A worm (D:2)
  3 adder zombies
  2 adder skeletons
  5 giant geckos
  An ooze (D:1)
  212 orcs
  A ball python (D:4)
  2 bat skeletons
  6 giant cockroaches
  29 goblins
  17 hobgoblins
  26 kobolds
  14 quokkas
  23 bats
  A giant gecko skeleton (D:6)
  5 giant newts
  A giant spore (D:8)
  2 goblin zombies (Ossuary)
  4 hobgoblin zombies
  10 jackals
  An orc zombie (D:9)
  23 rats
  5 rat skeletons (Orc:4)
  3 rat zombies (Ossuary)
  3 ballistomycetes (D:8)
  A briar patch (Swamp:5)
  A butterfly (Lair:2)
  A crawling corpse (Elf:2)
  21 fungi (Lair:8)
  4 plants
1660 creatures vanquished.

Vanquished Creatures (collateral kills)
  Arachne (Spider:4)
  A deep elf blademaster (Elf:3)
  A deep elf master archer (Elf:3)
  A vault warden (Vaults:1)
  A deep elf sorcerer (Elf:3)
  2 deep elf demonologists
  5 deep elf annihilators (Elf:3)
  A deep elf death mage (Elf:3)
  3 orc high priests (Orc:4)
  3 orc knights
  Erolcha (Orc:4)
  An ugly thing (D:11)
  3 orc sorcerers (Orc:4)
  2 orb spiders
  2 deep elf conjurers (Elf:2)
  A hornet (Spider:5)
  A vault sentinel (Vaults:2)
  A spiny frog (Lair:1)
  A gargoyle (D:11)
  A demonic crawler (Spider:4)
  A red devil (Orc:4)
  3 ravens
  A human (shapeshifter) (Vaults:2)
  A trapdoor spider (Spider:5)
  A tarantella (Spider:5)
  A redback (Spider:5)
  A spriggan (Lair:4)
  A hippogriff (Lair:4)
  A mottled dragon (Lair:8)
  3 wolves (Lair:1)
  A porcupine (Lair:1)
  3 wasps
  A crocodile (Lair:8)
  2 orc warriors (Orc:4)
  2 orc priests
  An orc wizard (D:10)
  5 ufetubi (Orc:4)
  An orc (D:10)
  5 orc zombies (Orc:4)
  2 rat skeletons (Orc:4)
  A fungus (Lair:1)
71 creatures vanquished.

Vanquished Creatures (others)
  An ironheart preserver (Vaults:1)
  4 very ugly things
  2 rakshasas (Vaults:1)
  A blizzard demon (Elf:3)
  A yaktaur captain (Vaults:1)
  A centaur warrior (Orc:4)
  2 deep elf knights
  A cyclops (D:13)
  4 ugly things
  2 water elementals (Vaults:1)
  3 yaktaurs
  A jumping spider (Vaults:1)
  A freezing wraith (Vaults:1)
  7 ravens
  A boulder beetle (Lair:8)
  A deep elf mage (Elf:1)
  5 air elementals
  3 redbacks (Vaults:1)
  A deep elf fighter (Elf:1)
  2 swamp worms
  A hell hound (Spider:4)
  3 wasps (Elf:3)
  An ogre (Vaults:1)
  2 orc warriors
  2 lost souls
  2 centaurs (D:15)
  2 orc priests
  An orc wizard (Orc:4)
  A river rat (Lair:6)
  2 orcs (Orc:2)
  A rat (D:8)
  4 rat skeletons (Orc:4)
  38 fungi
  15 plants
119 creatures vanquished.

Grand Total: 1850 creatures vanquished

Notes
Turn   | Place    | Note
--------------------------------------------------------------
     0 | D:1      | Miyamura, the Spriggan Assassin, began the quest for the Orb.
     0 | D:1      | Reached XP level 1. HP: 10/10 MP: 2/2
    67 | D:1      | Reached skill level 6 in Stealth
   176 | D:1      | Reached XP level 2. HP: 15/15 MP: 4/4
   312 | D:1      | Reached skill level 1 in Spellcasting
   945 | D:1      | Reached XP level 3. HP: 18/18 MP: 8/8
   998 | D:2      | Found a white marble altar of Elyvilon.
  1704 | D:2      | Reached XP level 4. HP: 23/23 MP: 10/10
  2316 | D:3      | Noticed Jessica
  2352 | D:3      | Killed Jessica
  2409 | D:3      | Reached XP level 5. HP: 27/27 MP: 14/14
  2594 | D:3      | Noticed Grinder
  2617 | D:3      | Killed Grinder
  2617 | D:3      | Reached skill level 7 in Stealth
  2617 | D:3      | Reached XP level 6. HP: 26/32 MP: 15/18
  3294 | D:4      | Found a shadowy altar of Dithmenos.
  3746 | D:4      | Noticed Crazy Yiuf
  3754 | D:4      | Killed Crazy Yiuf
  3949 | D:4      | Reached XP level 7. HP: 31/36 MP: 19/21
  4059 | D:4      | Reached skill level 5 in Dodging
  4059 | D:4      | Reached skill level 8 in Stealth
  4120 | D:5      | Entered Level 5 of the Dungeon
  4163 | D:5      | Noticed Miyamura's ghost (average DrTm)
  4163 | D:5      | Found a staircase to the Ecumenical Temple.
  4202 | D:5      | Killed Miyamura's ghost
  4202 | D:5      | Reached XP level 8. HP: 36/42 MP: 21/23
  4260 | D:5      | Noticed Blork the orc
  4270 | D:5      | Reached skill level 5 in Spellcasting
  4285 | D:5      | Killed Blork the orc
  4285 | D:5      | Reached skill level 5 in Short Blades
  4285 | D:5      | Reached skill level 9 in Stealth
  4297 | Temple   | Entered the Ecumenical Temple
  4604 | Temple   | Became a worshipper of Nemelex Xobeh the Trickster
  4891 | D:5      | Received a gift from Nemelex Xobeh
  5445 | D:5      | Found a white marble altar of Elyvilon.
  5595 | D:6      | Reached skill level 1 in Evocations
  6027 | D:6      | Found a sand-covered staircase.
  6034 | Ossuary  | Entered an ossuary
  6553 | Ossuary  | Reached XP level 9. HP: 46/46 MP: 25/25
  6610 | Ossuary  | Reached skill level 10 in Stealth
  6652 | D:6      | Found a staircase to the Ecumenical Temple.
  7272 | D:6      | Found a burning altar of Makhleb.
  7273 | D:6      | Found a shimmering altar of Xom.
  7463 | D:6      | Reached skill level 5 in Fighting
  7818 | D:7      | Noticed a gargoyle
  8547 | D:7      | Received a gift from Nemelex Xobeh
  8587 | D:7      | Found a shattered altar of Ashenzari.
  8647 | D:7      | Noticed Eustachio
  8658 | D:7      | Killed Eustachio
  8658 | D:7      | Reached skill level 5 in Evocations
  8666 | D:7      | Found Klidghita's Book Boutique.
  8711 | D:7      | Reached skill level 11 in Stealth
  9150 | D:7      | Reached XP level 10. HP: 45/51 MP: 27/27
 10034 | D:8      | Received a gift from Nemelex Xobeh
 10179 | D:8      | Learned a level 5 spell: Phase Shift
 10185 | D:8      | Learned a level 5 spell: Warp Weapon
 10219 | D:8      | Found a shattered altar of Ashenzari.
 10220 | D:8      | Found a radiant altar of Vehumet.
 10498 | D:8      | Reached skill level 1 in Translocations
 10986 | D:8      | Noticed Maurice
 10997 | D:8      | Killed Maurice
 11079 | D:9      | Found a staircase to the Lair.
 11101 | D:9      | Reached skill level 10 in Dodging
 11609 | D:9      | Noticed a hill giant
 11615 | D:9      | Killed a hill giant
 11615 | D:9      | Reached skill level 12 in Stealth
 11713 | D:9      | Acquired Nemelex Xobeh's first power
 11888 | D:9      | Received a gift from Nemelex Xobeh
 12084 | D:9      | Noticed a hill giant
 12086 | D:9      | Killed a hill giant
 12664 | D:9      | Reached XP level 11. HP: 56/56 MP: 29/29
 12797 | D:9      | Found an ancient bone altar of Kikubaaqudgha.
 12908 | D:10     | Entered Level 10 of the Dungeon
 12970 | D:10     | Received a gift from Nemelex Xobeh
 13181 | D:10     | Received a gift from Nemelex Xobeh
 13374 | D:10     | XOM: blink monster(s)
 13386 | D:10     | Reached skill level 5 in Translocations
 13511 | D:10     | Found a staircase to the Orcish Mines.
 13824 | D:10     | Acquired Nemelex Xobeh's second power
 14127 | Lair:1   | Entered Level 1 of the Lair of Beasts
 14785 | Lair:1   | Reached skill level 13 in Stealth
 14932 | Lair:1   | Received a gift from Nemelex Xobeh
 15745 | Lair:2   | Received a gift from Nemelex Xobeh
 15997 | Lair:2   | Acquired Nemelex Xobeh's third power
 16060 | Lair:2   | Received a gift from Nemelex Xobeh
 16195 | Lair:2   | Noticed Gastronok
 16200 | Lair:2   | Killed Gastronok
 17103 | Lair:3   | Received a gift from Nemelex Xobeh
 17103 | Lair:3   | Noticed a catoblepas
 17111 | Lair:3   | Killed a catoblepas
 17154 | Lair:3   | Reached XP level 12. HP: 63/63 MP: 31/31
 17224 | Lair:3   | Found a hole to the Spider Nest.
 17580 | Lair:3   | You fall through a shaft for 2 floors!
 17609 | Lair:4   | Received a gift from Nemelex Xobeh
 17647 | Lair:3   | Noticed a five-headed hydra
 17669 | Lair:3   | Killed a five-headed hydra
 17701 | Lair:3   | Found a dark tunnel.
 17709 | Volcano  | Entered a volcano
 17876 | Volcano  | Found a bloodstained altar of Trog.
 17876 | Volcano  | Noticed a red draconian
 17879 | Volcano  | Killed a red draconian
 17884 | Volcano  | Reached skill level 10 in Evocations
 18011 | Volcano  | Reached XP level 13. HP: 67/67 MP: 33/33
 18807 | Lair:4   | Reached skill level 14 in Stealth
 18890 | Lair:4   | Received a gift from Nemelex Xobeh
 19126 | Lair:4   | Found a staircase to the Swamp.
 19860 | Lair:4   | Reached skill level 10 in Short Blades
 19879 | Lair:5   | Received a gift from Nemelex Xobeh
 20214 | Lair:5   | Received a gift from Nemelex Xobeh
 20598 | Lair:5   | Gained mutation: Your body is slowly deteriorating. [potion of mutation]
 20598 | Lair:5   | Gained mutation: You passively map a small area around you. [potion of mutation]
 20598 | Lair:5   | Gained mutation: Armour fits poorly on your strangely shaped body. [potion of mutation]
 20599 | Lair:5   | Gained mutation: You heal slowly when monsters are visible. [potion of mutation]
 20599 | Lair:5   | Gained mutation: You are partially covered in yellow scales (AC +2). [potion of mutation]
 20599 | Lair:5   | Gained mutation: You tend to lose your temper in combat. [potion of mutation]
 20600 | Lair:5   | Gained mutation: You can spit poison. [potion of mutation]
 20600 | Lair:5   | Lost mutation: You heal slowly when monsters are visible. [potion of mutation]
 20619 | Lair:5   | Got a twisted whip
 20620 | Lair:5   | Identified the +11 whip "Kitihuw" {flame, +Blink rPois rN+ Str-4 Int+4 SInv} (You found it on level 5 of the Lair of Beasts)
 20623 | Lair:5   | Received a gift from Nemelex Xobeh
 21242 | Lair:6   | Received a gift from Nemelex Xobeh
 21463 | Lair:6   | Found a viscous altar of Jiyva.
 21464 | Lair:6   | Found a staircase to the Slime Pits.
 21903 | Lair:7   | Received a gift from Nemelex Xobeh
 22030 | Lair:7   | Reached skill level 1 in Maces & Flails
 22072 | Lair:7   | Noticed Harold
 22142 | Lair:7   | Killed Harold
 22145 | Lair:7   | Reached XP level 14. HP: 73/73 MP: 34/34
 22739 | Lair:7   | Reached skill level 10 in Spellcasting
 23030 | Lair:8   | Entered Level 8 of the Lair of Beasts
 23194 | Lair:8   | Reached skill level 15 in Stealth
 23401 | Lair:8   | Received a gift from Nemelex Xobeh
 23771 | Lair:8   | Got a clouded ruby amulet
 23773 | Lair:8   | Identified the amulet "Woipni" {rMut -Cast rC+ MR+ Dex+3 Stlth-} (You found it on level 8 of the Lair of Beasts)
 23859 | Lair:8   | Received a gift from Nemelex Xobeh
 24800 | Lair:8   | Received a gift from Nemelex Xobeh
 25121 | Lair:7   | You fall through a shaft!
 26455 | Lair:1   | Learned a level 6 spell: Haste
 26465 | Lair:1   | Learned a level 8 spell: Discord
 26609 | Orc:1    | Entered Level 1 of the Orcish Mines
 26759 | Orc:1    | Found Gikosez's Gadget Emporium.
 27123 | Orc:1    | Received a gift from Nemelex Xobeh
 28364 | Orc:2    | Received a gift from Nemelex Xobeh
 28823 | Orc:3    | Noticed Josephine
 28832 | Orc:3    | Killed Josephine
 28996 | Orc:2    | Reached XP level 15. HP: 61/79 MP: 36/36
 29508 | Orc:3    | Found Ytiapael's Distillery.
 29955 | Orc:3    | Bought a potion of haste for 110 gold pieces
 29955 | Orc:3    | Bought a potion of agility for 44 gold pieces
 29955 | Orc:3    | Bought a potion of curing for 33 gold pieces
 29955 | Orc:3    | Bought a potion of heal wounds for 55 gold pieces
 29955 | Orc:3    | Bought a potion of ambrosia for 88 gold pieces
 29955 | Orc:3    | Bought a potion of restore abilities for 55 gold pieces
 29955 | Orc:3    | Bought a potion of might for 44 gold pieces
 29955 | Orc:3    | Bought a potion of might for 44 gold pieces
 30556 | Orc:4    | Entered Level 4 of the Orcish Mines
 30599 | Orc:4    | Noticed Sonja
 30619 | Orc:4    | Killed Sonja
 31163 | Orc:4    | Found a staircase to the Elven Halls.
 31163 | Orc:4    | Noticed Erolcha
 31174 | Orc:4    | Killed Erolcha
 31243 | Orc:4    | Received a gift from Nemelex Xobeh
 31729 | Orc:4    | Found Skeubb's Assorted Antiques.
 31850 | Orc:4    | Found Evveit's Antique Weapon Shop.
 31851 | Orc:4    | Found Enafaora's General Store.
 31851 | Orc:4    | Found Poch's Gadget Emporium.
 31905 | Orc:4    | Bought a transparent trident for 280 gold pieces
 31905 | Orc:4    | Identified the +8 trident "Timoder" {flame, rN++} (You bought it in a shop on level 4 of the Orcish Mines)
 31914 | Orc:4    | Bought an uncursed ring of flight for 227 gold pieces
 31914 | Orc:4    | Bought a scroll of teleportation for 39 gold pieces
 31914 | Orc:4    | Bought a scroll of teleportation for 39 gold pieces
 31917 | Orc:4    | Bought a scroll of identify for 44 gold pieces
 31917 | Orc:4    | Bought a scroll of remove curse for 66 gold pieces
 31917 | Orc:4    | Bought a potion of heal wounds for 110 gold pieces
 31917 | Orc:4    | Bought a scroll of blinking for 165 gold pieces
 32868 | D:11     | Found Asaquagu's General Store.
 32878 | D:11     | Bought the +4 dagger "Morg" {pain, MR+ Int+5} for 817 gold pieces
 33012 | D:11     | Received a gift from Nemelex Xobeh
 33405 | D:11     | Received a gift from Nemelex Xobeh
 34192 | D:11     | Received a gift from Nemelex Xobeh
 34354 | D:11     | Reached skill level 5 in Maces & Flails
 34731 | D:12     | Received a gift from Nemelex Xobeh
 34896 | D:12     | Noticed Grum
 34923 | D:12     | Killed Grum
 35178 | D:13     | Noticed Nessos
 35205 | D:13     | Killed Nessos
 35448 | D:13     | Got a smoking bronze ring
 35449 | D:13     | Identified the ring of Shriamidu {rF+ Int+2 Dex+5 Slay-6} (You found it on level 13 of the Dungeon)
 35466 | D:13     | Found a gate to the Vaults.
 35751 | D:13     | Received a gift from Nemelex Xobeh
 36198 | D:13     | Learned a level 3 spell: Flight
 36201 | D:13     | Learned a level 2 spell: Ensorcelled Hibernation
 36217 | D:14     | Noticed Maud
 36227 | D:14     | Killed Maud
 36747 | D:14     | Received a gift from Nemelex Xobeh
 36877 | D:15     | Entered Level 15 of the Dungeon
 37138 | D:15     | Found a staircase to the Depths.
 37994 | D:15     | Found Stuaf's Antique Weapon Emporium.
 38004 | D:15     | Bought an ancient dagger for 238 gold pieces
 38004 | D:15     | Bought a shimmering falchion for 272 gold pieces
 38015 | D:15     | Identified the cursed +0 dagger of the Dragonfly {pierce, rElec rPois rF+ MP+9} (You bought it in a shop on level 15 of the Dungeon)
 38017 | D:15     | Identified the cursed +2 falchion "Honib" {venom, +Inv rC+} (You bought it in a shop on level 15 of the Dungeon)
 38079 | D:15     | Reached XP level 16. HP: 84/84 MP: 37/37
 38343 | D:15     | Received a gift from Nemelex Xobeh
 38962 | Spider:1 | Entered Level 1 of the Spider Nest
 39301 | Spider:1 | Reached skill level 10 in Maces & Flails
 39531 | Spider:1 | Received a gift from Nemelex Xobeh
 40234 | Spider:2 | Received a gift from Nemelex Xobeh
 40239 | Spider:2 | Noticed Miyamura's ghost (mighty DrCj)
 40264 | Spider:2 | Killed Miyamura's ghost
 40873 | Spider:3 | Received a gift from Nemelex Xobeh
 41498 | Spider:4 | Noticed Nikola
 41515 | Spider:4 | Killed Nikola
 41561 | Spider:4 | Noticed Arachne
 42076 | Spider:4 | Received a gift from Nemelex Xobeh
 42145 | Spider:4 | Noticed Norris
 42170 | Spider:4 | Noticed Norris
 42170 | Spider:4 | Norris changed into Norris the shard shrike
 42269 | Spider:4 | Killed Arachne
 42420 | Spider:4 | Noticed Kirke
 42425 | Spider:4 | HP: 4/84 [Norris the shard shrike/shard of ice (60)]
 42482 | Spider:5 | Entered Level 5 of the Spider Nest
 42500 | Spider:5 | Gained mutation: You can spit moderately strong poison. [potion of beneficial mutation]
 42589 | Spider:5 | Gained mutation: You are robust (+10% HP). [potion of mutation]
 42882 | Spider:5 | Received a gift from Nemelex Xobeh
 43366 | Spider:5 | Reached skill level 16 in Stealth
 43489 | Spider:5 | Reached skill level 1 in Hexes
 44282 | Spider:5 | Noticed Kiugaichi the pandemonium lord
 44319 | Spider:5 | Got a gossamer rune of Zot
 44464 | Spider:5 | Reached XP level 17. HP: 73/96 MP: 38/38
 45015 | Swamp:1  | Entered Level 1 of the Swamp
 45129 | Swamp:1  | Found a frozen archway.
 45935 | Swamp:1  | Received a gift from Nemelex Xobeh
 46364 | Swamp:2  | Noticed Roxanne
 46554 | Swamp:2  | Noticed Rupert
 46571 | Swamp:2  | Killed Rupert
 46636 | Swamp:2  | Reached skill level 15 in Dodging
 46688 | Swamp:2  | HP: 2/96 [Roxanne/iron shot (49)]
 46828 | Swamp:2  | Killed Roxanne
 46838 | Swamp:2  | Learned a level 6 spell: Statue Form
 46946 | Swamp:2  | Received a gift from Nemelex Xobeh
 47527 | Swamp:2  | Reached skill level 5 in Hexes
 47601 | Swamp:2  | Received a gift from Nemelex Xobeh
 48054 | Swamp:3  | Reached skill level 17 in Stealth
 48424 | Swamp:3  | Received a gift from Nemelex Xobeh
 48725 | Swamp:4  | Reached skill level 10 in Fighting
 48917 | Swamp:4  | Received a gift from Nemelex Xobeh
 49418 | Swamp:5  | Entered Level 5 of the Swamp
 49754 | Swamp:5  | Received a gift from Nemelex Xobeh
 50522 | Swamp:5  | Noticed the 27-headed Lernaean hydra
 50532 | Swamp:5  | Killed the 27-headed Lernaean hydra
 50637 | Swamp:5  | Reached XP level 18. HP: 92/104 MP: 38/38
 50866 | Swamp:5  | Reached skill level 15 in Evocations
 51453 | Swamp:5  | Got a decaying rune of Zot
 51647 | Swamp:5  | Reached skill level 18 in Stealth
 52228 | Elf:1    | Entered Level 1 of the Elven Halls
 52703 | Elf:1    | Noticed Schiheg the pandemonium lord
 52761 | Elf:1    | Noticed Urug
 52781 | Elf:1    | Killed Urug
 52992 | Elf:1    | Received a gift from Nemelex Xobeh
 53357 | Elf:2    | Found a shimmering altar of Xom.
 53415 | Elf:2    | Reached skill level 1 in Shields
 53510 | Elf:2    | Found a runed gate.
 53544 | Elf:2    | Found a runed gate.
 53544 | Elf:2    | Found a runed gate.
 53762 | Elf:2    | Received a gift from Nemelex Xobeh
 54030 | Elf:3    | Entered Level 3 of the Elven Halls
 54384 | Elf:3    | Received a gift from Nemelex Xobeh
 55000 | Elf:3    | Reached skill level 5 in Shields
 55138 | Elf:3    | Got a brightly glowing amber ring
 55177 | Elf:3    | Identified the ring "Oplaoho" {+Blink rPois rC+ Slay-5 Stlth+} (You took it off a deep elf high priest on level 3 of the Elven Halls)
 55454 | Elf:3    | Got a scorched double sword
 55806 | Elf:3    | Noticed Bodghoy the pandemonium lord
 55843 | Elf:3    | Identified the +4 double sword "Deseol" {flame, rElec rPois Int-3 Dex+5} (You took it off a deep elf demonologist on level 3 of the Elven Halls)
 55862 | Elf:3    | Identified Sif Muna's Collected Works on the Entourage
 55866 | Elf:3    | Learned a level 2 spell: Stoneskin
 56079 | Elf:3    | Lost mutation: You can spit moderately strong poison. [potion of cure mutation]
 56079 | Elf:3    | Lost mutation: You are robust (+10% HP). [potion of cure mutation]
 56148 | Elf:3    | Received a gift from Nemelex Xobeh
 56190 | Elf:3    | Identified Sif Muna's Disquisition on Battle Magic and Feathers (You found it on level 3 of the Elven Halls)
 56295 | Elf:3    | Found Citareax's Antique Weapon Boutique.
 56299 | Elf:3    | Bought a blackened whip for 277 gold pieces
 56299 | Elf:3    | Bought a bone falchion for 296 gold pieces
 56299 | Elf:3    | Bought a translucent hunting sling for 240 gold pieces
 56305 | Elf:3    | Identified the +7 whip of Desperation {flame, Str+3} (You bought it in a shop on level 3 of the Elven Halls)
 56306 | Elf:3    | Identified the +5 falchion "Uklurch" {slice, +Blink Str+5 Dex-3} (You bought it in a shop on level 3 of the Elven Halls)
 56311 | Elf:3    | Identified the +5 hunting sling "Newt's Death" {freeze, Str+3} (You bought it in a shop on level 3 of the Elven Halls)
 56407 | Elf:3    | Got an iridescent hand axe
 56408 | Elf:3    | Identified the +7 hand axe "Weenuo" {venom, rElec rPois Int-5 SInv} (You took it off a deep elf annihilator on level 3 of the Elven Halls)
 56440 | Elf:3    | Got a faintly glowing hunting sling
 56441 | Elf:3    | Identified the +8 hunting sling of Saltpetre {velocity, +Blink rF+ Int+3} (You found it on level 3 of the Elven Halls)
 56487 | Elf:3    | Got a steaming blowgun
 56489 | Elf:3    | Identified the cursed +1 blowgun "Impbane" {speed, rC+ Int-4 Stlth+} (You found it on level 3 of the Elven Halls)
 56910 | D:8      | Got a silken robe
 56922 | D:8      | Identified the -3 robe "Psiy" {+Fly MR+ MP-9} (You took it off an orc priest on level 8 of the Dungeon)
 57218 | Vaults:1 | Entered Level 1 of the Vaults
 57511 | Vaults:1 | Received a gift from Nemelex Xobeh
 57567 | Vaults:1 | Reached XP level 19. HP: 99/99 MP: 39/39
 57992 | Vaults:1 | Reached skill level 10 in Hexes
 60065 | Vaults:2 | Received a gift from Nemelex Xobeh
 60081 | Vaults:2 | Found a flickering gateway to a bazaar.
 60092 | Bazaar   | Entered a bazaar
 60092 | Bazaar   | Found Ghipt's Weapon Emporium.
 60092 | Bazaar   | Found Meismos' Gadget Shoppe.
 60092 | Bazaar   | Found Giukh's Weapon Emporium.
 60093 | Bazaar   | Found Gubbyag's Jewellery Shoppe.
 60102 | Bazaar   | Bought an uncursed ring of sustain abilities for 280 gold pieces
 60102 | Bazaar   | Bought the ring "Mesubbang" {rElec rPois rN+ MR-} for 544 gold pieces
 60111 | Bazaar   | Bought a lamp of fire for 520 gold pieces
 60111 | Bazaar   | Bought a stone of tremors for 520 gold pieces
 60194 | Vaults:2 | Starved to death

Action                   |  1- 3 |  4- 6 |  7- 9 | 10-12 | 13-15 | 16-18 | 19-21 || total
-------------------------+-------+-------+-------+-------+-------+-------+-------++-------
Melee: Dagger            |    96 |   214 |   714 |  1160 |  2215 |    21 |       ||  4420
       Whip              |       |       |       |       |   671 |  2692 |   711 ||  4074
       Rapier            |       |       |       |       |       |    85 |     8 ||    93
 Fire: Blowgun           |       |       |     4 |       |       |       |       ||     4
 Cast: Phase Shift       |       |       |       |     1 |    14 |    78 |    12 ||   105
       Warp Weapon       |       |       |       |       |    33 |       |       ||    33
       Haste             |       |       |       |       |     8 |    11 |       ||    19
       Ensorcelled Hiber |       |       |       |       |       |     9 |       ||     9
       Flight            |       |       |       |       |       |    49 |     1 ||    50
Invok: Triple Draw       |       |       |       |       |       |     7 |       ||     7
       Deal Four         |       |       |       |       |       |     3 |     2 ||     5
 Abil: Evoke Invisibilit |       |       |       |       |    35 |     7 |     1 ||    43
       Evoke Blink       |       |       |       |       |       |     1 |     1 ||     2
Evoke: Wand              |       |    18 |    34 |    70 |    20 |    46 |     7 ||   195
       Deck              |       |       |       |     9 |    46 |    86 |     4 ||   145
       Phial of floods   |       |       |       |       |       |       |     1 ||     1
  Use: Scroll            |     7 |     4 |     8 |     8 |    21 |    29 |     2 ||    79
       Potion            |       |       |     2 |    12 |    13 |    16 |       ||    43
 Stab: Sleeping          |    18 |    11 |    32 |    71 |   150 |    92 |    13 ||   387
       Distracted        |     1 |     1 |     2 |     3 |     9 |    11 |     6 ||    33
       Confused          |       |     8 |     9 |    13 |     4 |     2 |       ||    36
       Paralysed         |       |       |     8 |    10 |     5 |    16 |     7 ||    46
       Petrifying        |       |       |     2 |       |     3 |       |       ||     5
       Invisible         |       |       |       |     4 |   155 |    24 |       ||   183
       Petrified         |       |       |       |     1 |     1 |       |       ||     2
  Eat: Pizza             |       |     1 |       |     6 |     3 |     4 |       ||    14
       Bread ration      |       |       |     1 |       |     6 |     5 |     1 ||    13
       Fruit             |       |       |       |     1 |    23 |    15 |       ||    39
       Royal jelly       |       |       |       |       |     1 |     3 |       ||     4
